 Dungeon Crawl Stone Soup version 0.28.0-53-g5a82cb258f (webtiles) character file.

Game seed: 16847110309145243408

56 Jwatts the Covered (level 3, -11/32 (33) HPs)
             Began as a Minotaur Fighter on July 28, 2022.
             Mangled by Crazy Yiuf
             ... wielding a +2 quarterstaff of chaos
              (13 damage)
             ... on level 2 of the Dungeon.
             The game lasted 00:13:21 (4067 turns).

Jwatts the Covered (Minotaur Fighter)               Turns: 4067, Time: 00:13:22

HP:   -11/32 (33)   AC:  8    Str: 22    XL:     3   Next: 71%
MP:   2/2           EV:  9    Int:  5    God:
Gold: 48            SH:  4    Dex:  9    Spells: 2/2 levels left

rFire   . . .      SeeInvis .   s - +0 mace
rCold   . . .      Faith    .   c - +0 buckler
rNeg    + . .      Spirit   .   b - +0 scale mail
rPois   .          Reflect  .   (helmet restricted)
rElec   .          Harm     .   (no cloak)
rCorr   .          Rampage  .   (no gloves)
Will    .....                   p - +0 pair of boots
Stlth   ..........              (no amulet)
HPRegen 0.10/turn               f - ring of positive energy
MPRegen 0.08/turn               (no ring)

@: lightly drained, invisible
A: horns 2, retaliatory headbutt
a: no special abilities


You were on level 2 of the Dungeon.
You visited 1 branch of the dungeon, and saw 2 of its levels.

You collected 48 gold pieces.

Inventory:

Hand Weapons
 n - a +0 hunting sling
 s - a +0 mace (weapon)
Missiles
 j - 23 stones (quivered)
 l - 5 curare-tipped darts
 r - 2 poisoned darts
Armour
 b - a +0 scale mail (worn)
 c - a +0 buckler (worn)
 p - a +0 pair of boots (worn)
Magical Staves
 i - a staff of earth
Jewellery
 f - a ring of positive energy (left hand)
Scrolls
 h - a scroll of teleportation
 m - a scroll of magic mapping {unknown}
 q - a scroll of identify {unknown}
Potions
 d - a potion of might
 e - a potion of magic {unknown}
 g - a potion of degeneration {unknown}
 k - a potion of ambrosia {unknown}
 o - a potion of attraction {unknown}


   Skills:
 + Level 4.0 Fighting
 + Level 2.8 Maces & Flails
 + Level 4.5 Armour
 + Level 4.4 Shields


You had 2 spell levels left.
You didn't know any spells.
Your spell library was empty.

Dungeon Overview and Level Annotations

Branches:
Dungeon (2/15)

Altars:

Annotations:
D:2 Crazy Yiuf


Innate Abilities, Weirdness & Mutations

You have a pair of horns on your head.
You reflexively headbutt those who attack you in melee.


Message History

You see here a +0 mace.
A quokka comes into view.
Found a stone staircase leading down.
You sock the quokka!
You kill the quokka!
You see here a +0 mace.
You open the door. You sock Crazy Yiuf!
Crazy Yiuf is heavily wounded.
Crazy Yiuf hits you but does no damage. You partially resist.
You hit Crazy Yiuf.
Crazy Yiuf is severely wounded.
Crazy Yiuf hits you but does no damage.
You hit Crazy Yiuf. Your headbutt misses Crazy Yiuf.
Crazy Yiuf is almost dead.
Crazy Yiuf hits you with a +2 quarterstaff of chaos!
Crazy Yiuf draws strength from your wounds!
You hit Crazy Yiuf but do no damage.
Crazy Yiuf is severely wounded.
Crazy Yiuf hits you with a +2 quarterstaff of chaos!
You partially resist.
You feel drained.
Crazy Yiuf hits you with a +2 quarterstaff of chaos!
* * * LOW HITPOINT WARNING * * *
You fade into invisibility!
You hit Crazy Yiuf but do no damage.
Crazy Yiuf is severely wounded.
You block Crazy Yiuf's attack.
You hit Crazy Yiuf.
Crazy Yiuf is severely wounded.
Crazy Yiuf says, "Buddy arm poople!"
Crazy Yiuf barely misses you.
You catch the helpless Crazy Yiuf completely off-guard!
You hit Crazy Yiuf but do no damage.
You headbutt Crazy Yiuf, but do no damage.
Crazy Yiuf is severely wounded.
Crazy Yiuf twirls on the spot.
Crazy Yiuf hits you with a +2 quarterstaff of chaos.
* * * LOW HITPOINT WARNING * * *
You are electrocuted!
You die...

.# #.# ##.##
#.##.##.#
#.# . .#
#.#####.# #
#.## #.# .
## #[......#
#..# #.# # .
# #######'#
#####
#..###.# #.#
##..# #)..#
#.....<# .#
## ##...#
#...#
#...#### .
.## ##....#
... #.#.#
#####
..####.....#
#g#
#...####....
...[.'.....#
#@##
#...........
..####.....#
##.#
##.#####.###
.## ##....#
#.## #.# #.#
# ## ##...#
##.# #.# #.#
# ##..#
##.## #.#
#.# # ##'#
##...# #.#
#.### ###
#.# #....#
#.# #....
..# #.#
#)...# #.
##### #.####
##.## #...)#


You could see Crazy Yiuf.

Vanquished Creatures
  Robin (D:2)
  2 worms (D:2)
  A dart slug (D:2)
  A bat (D:2)
  4 endoplasms
  A giant cockroach (D:2)
  8 goblins (D:2)
  5 hobgoblins
  2 quokkas
  2 ball pythons
  3 frilled lizards
  5 rats
35 creatures vanquished.

Vanquished Creatures (others)
  12 fungi
  18 plants (D:1)
30 creatures vanquished.

Grand Total: 65 creatures vanquished

Notes
Turn   | Place    | Note
-------+----------+-------------------------------------------
     0 | D:1      | Jwatts the Minotaur Fighter began the quest for the Orb.
     0 | D:1      | Reached XP level 1. HP: 19/19 MP: 0/0
  1605 | D:1      | Reached XP level 2. HP: 27/27 MP: 1/1
  2194 | D:2      | Identified the +6 short sword of the Postmodern Planets
                  | {vorpal, rElec rN+ Str+2}
  2892 | D:2      | Reached XP level 3. HP: 33/33 MP: 2/2
  3567 | D:2      | Noticed Robin
  3581 | D:2      | Killed Robin
  4032 | D:2      | Found a runed translucent door.
  4033 | D:2      | Noticed Crazy Yiuf
  4067 | D:2      | Mangled by Crazy Yiuf

Illustrated notes

Levels and vault maps discovered:
D:1:      wander_arrival_fairy_ring, layout_basic, chequers_jeans, minivault_4,
          nrook_mini_vaults
D:2:      layout_loops_corners, dreamdust_ecumenical_altar_statues,
          amcnicky_mini_pool_small, kennysheep_generic_room_3, uniq_robin,
          uniq_crazy_yiuf_cottage

Skill      XL: |  1  2 |
---------------+-------+-----
Shields        | 4 |  4.4
Fighting       | 4 |  4.0
Armour         | 4 |  4.5
Maces & Flails | |  2.8

Action                   || total
-------------------------++-------
Melee: Flail             ||   169
       Headbutt          ||    44
       Mace              ||    11
Throw: Stone             ||     2
       Throwing net      ||     1
  Use: Scroll            ||     3
       Potion            ||     1
 Stab: Invisible         ||     1
Armor: Scale mail        ||    35
Dodge: Dodged            ||    35
Block: Buckler           ||    17
